[Event "Team 45 45 League T69"]
[Site "Internet Chess Club"]
[Date "2016.06.09"]
[Round "1"]
[White "Colombiano07"]
[Black "xwang1"]
[Result "0-1"]
[WhiteElo "1866"]
[BlackElo "2076"]
[Opening "Queen's pawn, Mason variation"]
[ECO "D00"]
[Time "11:08:51"]
[TimeControl "2700+45"]

1. d4 d5 2. Bf4 Nf6 3. e3 Bf5 4. c4 c6 5. Nc3 e6 6. Qb3 Qb6 7. Nf3 Nbd7 8. c5
Qxb3 9. axb3 Nh5 10. b4 Nxf4 11. exf4 b5 12. cxb6 Nxb6 13. b5 c5 14. Be2 Bd6 15.
O-O O-O 16. g3 Rfc8 17. Ra6 Bg4 18. Rfa1 Bxf3 19. Bxf3 cxd4 20. Ne2 d3 21. Nd4
Bc5 22. Nb3 Bb4 23. Rxa7 Rxa7 24. Rxa7 d2 25. Rb7 Nc4 26. b6 g6 27. Rc7 Rb8 28.
b7 Nd6 29. Kf1 Nxb7 30. Ke2 Nd6 31. Rc2 Nc4 32. Kd1 Bd6 33. Nxd2 Nxb2+ 34. Ke2
Na4 35. Rc6 Bc5 36. Ra6 Nc3+ 37. Kd3 Nb5 38. Nb1 Bxf2 39. Nc3 Nd4 40. Bd1 Nb3
41. Na4 Rb4 42. Kc3 Be1+ 43. Kd3 Kg7 44. Ra7 h5 45. Bxb3 Rxb3+ 46. Ke2 Bc3 47.
Nc5 Rb6 48. Kd3 Bf6 49. Nb7 Rc6 50. Ra8 Be7 51. Na5 Rb6 52. Ra7 Bc5 53. Rb7 Rxb7
54. Nxb7 Bg1 55. Ke2 Bxh2 56. Kf2 h4 {White resigns} 0-1

[Event "Team 45 45 League T69"]
[Site "Internet Chess Club"]
[Date "2016.06.12"]
[Round "1"]
[White "SAC2001"]
[Black "Atrophied"]
[Result "1-0"]
[WhiteElo "1954"]
[BlackElo "1568"]
[Opening "Sicilian: Sveshnikov variation"]
[ECO "B33"]
[Time "21:30:36"]
[TimeControl "2700+45"]

1. e4 c5 2. Nf3 Nc6 3. d4 cxd4 4. Nxd4 Nf6 5. Nc3 e5 6. Ndb5 d6 7. Bg5 a6 8. Na3
b5 9. Bxf6 gxf6 10. Nd5 f5 11. Bd3 Be6 12. O-O Bxd5 13. exd5 Ne7 14. c4 Bg7 15.
Qb3 e4 16. Be2 b4 17. Nc2 Kf8 18. f3 h5 19. fxe4 fxe4 20. Qe3 Bxb2 21. Rab1 Be5
22. Nxb4 a5 23. Nc2 Ng6 24. Rb7 Rh7 25. Qxe4 Qg5 26. c5 Re8 27. Qf3 Nh4 28. Qf2
Bxh2+ 29. Kxh2 Qe5+ 30. Kg1 Qxe2 31. Rxf7+ Kg8 32. Rf8+ Kg7 33. Qf6# {Black
checkmated} 1-0

[Event "Team 45 45 League T69"]
[Site "Internet Chess Club"]
[Date "2016.06.10"]
[Round "1"]
[White "WCourson"]
[Black "chessfunblast"]
[Result "0-1"]
[WhiteElo "1825"]
[BlackElo "1886"]
[Opening "Evans gambit"]
[ECO "C52"]
[Time "14:30:33"]
[TimeControl "2700+45"]

1. e4 e5 2. Nf3 Nc6 3. Bc4 Bc5 4. b4 Bxb4 5. c3 Ba5 6. d4 exd4 7. O-O Nf6 8. e5
d5 9. exf6 dxc4 10. fxg7 Rg8 11. Re1+ Be6 12. Ng5 Qf6 13. Rxe6+ fxe6 14. Qh5+
Qg6 15. Qxg6+ hxg6 16. cxd4 Nxd4 17. Bb2 Nc2 18. Nxe6 Nxa1 19. Bxa1 Ke7 20. Nf4
Kf7 21. Na3 Rad8 {White resigns} 0-1

[Event "Team 45 45 League T69"]
[Site "Internet Chess Club"]
[Date "2016.06.13"]
[Round "1"]
[White "santiagoelawad"]
[Black "otherook"]
[Result "1-0"]
[WhiteElo "1976"]
[BlackElo "1755"]
[Opening "English: Caro-Kann defensive system"]
[ECO "A11"]
[Time "11:11:51"]
[TimeControl "2700+45"]

1. c4 c6 2. Nf3 d6 3. g3 Bg4 4. Bg2 Nd7 5. Nc3 Ngf6 6. b3 e5 7. h3 Bxf3 8. Bxf3
Be7 9. O-O O-O 10. d4 Re8 11. Bg2 Rc8 12. Bb2 Bf8 13. dxe5 dxe5 14. Qc2 Qc7 15.
Rad1 b5 16. Ne4 Nxe4 17. Bxe4 g6 18. Rc1 b4 19. Rcd1 Nc5 20. Bg2 Rcd8 21. Rxd8
Rxd8 22. Rd1 Rxd1+ 23. Qxd1 Ne6 24. Qd2 c5 25. Bd5 Nd4 26. e3 Nf5 27. a4 h5 28.
Kg2 Bg7 29. Be4 Qd6 30. Qxd6 Nxd6 31. Bd5 e4 32. Bc1 Kf8 33. g4 hxg4 34. hxg4 f5
35. Kg3 Be5+ 36. Kh3 Ke7 37. gxf5 gxf5 38. Kh4 Kf6 39. Kh5 Bc3 40. Kh6 Be5 41.
Kh5 Bc3 42. f3 exf3 43. Bxf3 Ne4 44. Bxe4 fxe4 45. Kg4 Be5 46. Bd2 Bh2 47. Be1
Kg6 48. Bh4 Bd6 49. Bd8 a6 50. Bh4 {Black forfeits on time} 1-0

[Event "Team 45 45 League T69"]
[Site "Internet Chess Club"]
[Date "2016.06.11"]
[Round "1"]
[White "Invicta-Knight"]
[Black "kabindra"]
[Result "1-0"]
[WhiteElo "1711"]
[BlackElo "1684"]
[Opening "Center game: Berger variation"]
[ECO "C22"]
[Time "12:01:54"]
[TimeControl "2700+45"]

1. e4 e5 2. d4 exd4 3. Qxd4 Nc6 4. Qe3 Nf6 5. Bd2 Bb4 6. Nc3 O-O 7. O-O-O Re8 8.
Qg3 Nxe4 9. Nxe4 Rxe4 10. Bd3 Bxd2+ 11. Rxd2 Re1+ 12. Rd1 Rxd1+ 13. Kxd1 Qf6 14.
Nf3 d6 15. Re1 Bd7 16. c3 h6 17. Bc2 b5 18. Nd2 b4 19. Qd3 g6 20. Qg3 bxc3 21.
bxc3 Rb8 22. Ne4 Qg7 23. Qf3 Bf5 24. Bb3 Ne5 25. Qe3 a5 26. Qa7 Nc6 27. Qxc7
Bxe4 28. Rxe4 Qxc3 29. Qxf7+ Kh8 30. Re8+ Rxe8 31. Qxe8+ Kg7 32. Qf7+ {Black
resigns} 1-0

[Event "Team 45 45 League T69"]
[Site "Internet Chess Club"]
[Date "2016.06.11"]
[Round "1"]
[White "losscause"]
[Black "crazyhorses"]
[Result "0-1"]
[WhiteElo "1578"]
[BlackElo "1365"]
[Opening "French: Tarrasch, open, 4.ed ed"]
[ECO "C08"]
[Time "15:01:22"]
[TimeControl "2700+45"]

1. d4 d5 2. e4 e6 3. Nd2 c5 4. exd5 exd5 5. Ngf3 Nf6 6. c4 Be7 7. Bd3 Nc6 8. Nb3
b6 9. O-O O-O 10. Bf4 h6 11. Re1 Be6 12. Rc1 Nb4 13. Ne5 Nxa2 14. Nc6 Qd7 15.
Nxe7+ Qxe7 16. Rc2 Nb4 17. Rce2 Nxd3 18. Qxd3 dxc4 19. Qc3 cxb3 20. dxc5 Qxc5
21. Qc1 Rac8 22. Qa1 a5 23. h3 Nd5 24. Re5 Qc6 25. Rc1 Qb7 26. Bd2 Rxc1+ 27.
Qxc1 Rc8 28. Qe1 Nf6 29. Bc3 Rc5 30. Re3 Qd5 31. Re5 Qc6 32. Re2 a4 33. Kh2 b5
34. f3 Rc4 35. Qd2 Nd5 36. Be5 b4 37. Bd4 Rc2 38. Qe1 a3 39. bxa3 bxa3 40. Qd1
Rxe2 41. Qxe2 b2 42. Qe5 f6 43. Qb8+ Kf7 44. Bxb2 axb2 45. Qxb2 Qd6+ 46. Kg1 Bf5
47. Kh1 Kg8 48. Qc1 Kh7 49. Qd2 Qe5 50. Qa2 Ne3 51. Qd2 h5 52. Qf2 g5 53. Qe1 h4
54. Qf2 Qf4 55. Qe2 Kg6 56. Kg1 Nd5 57. Qa2 Qe3+ 58. Kh2 Be6 59. Qa8 Bf7 60. Qb8
Qe2 61. Qb1+ Kg7 62. Qg1 Nf4 63. Kh1 Nxh3 64. Qc1 Nf4 65. Qg1 h3 66. gxh3 Qxf3+
67. Kh2 Qxh3# {White checkmated} 0-1

[Event "Team 45 45 League T69"]
[Site "Internet Chess Club"]
[Date "2016.06.11"]
[Round "1"]
[White "kingphisch"]
[Black "Leon13"]
[Result "1-0"]
[WhiteElo "1475"]
[BlackElo "1324"]
[Opening "Philidor's defense"]
[ECO "C41"]
[Time "13:00:38"]
[TimeControl "2700+45"]

1. e4 e5 2. Nf3 d6 3. Nc3 Nf6 4. Bc4 Be7 5. O-O O-O 6. d3 Nc6 7. Be3 Bg4 8. h3
Bh5 9. Nd5 Nd4 10. Bxd4 exd4 11. Nxf6+ Bxf6 12. g4 Bg6 13. Qd2 h5 14. g5 Be5 15.
Nxe5 dxe5 16. f4 exf4 17. Qxf4 Qd7 18. Qg3 Rfe8 19. h4 Re7 20. Rae1 a5 21. a3
Qc6 22. Qg2 b5 23. Bd5 Qa6 24. Bxa8 Qxa8 25. e5 Qe8 26. Qd5 Qc8 27. Qf3 Qe6 28.
Rf2 b4 29. axb4 axb4 30. b3 Rd7 31. Kg2 Rd5 32. Qh3 Qe7 33. e6 fxe6 34. Qxe6+
Qxe6 35. Rxe6 Bf5 36. Rc6 Bg4 37. Rxc7 Re5 38. Rc4 Re3 39. Rxd4 Bh3+ 40. Kh2 Bg4
41. g6 Rh3+ 42. Kg2 {Black resigns} 1-0

[Event "Team 45 45 League T69"]
[Site "Internet Chess Club"]
[Date "2016.06.12"]
[Round "1"]
[White "Packerfan"]
[Black "modiglani"]
[Result "1/2-1/2"]
[WhiteElo "1838"]
[BlackElo "1884"]
[Opening "Scandinavian defense"]
[ECO "B01"]
[Time "14:30:24"]
[TimeControl "2700+45"]

1. e4 d5 2. exd5 Nf6 3. Nf3 Bg4 4. Be2 Qxd5 5. Nc3 Qh5 6. d4 Nc6 7. O-O O-O-O 8.
h3 Nxd4 9. Nxd4 Bxe2 10. Ncxe2 e5 11. c3 exd4 12. cxd4 Bd6 13. Bf4 Rhe8 14. Bxd6
Rxd6 15. Ng3 Qd5 16. Qc2 g6 17. Rfd1 h5 18. Rac1 Rc6 19. Qa4 Rxc1 20. Rxc1 h4
21. Nf1 Kb8 22. Ne3 Qd7 23. Qc4 c6 24. Rd1 Rd8 25. Qc5 Nd5 26. Nxd5 Qxd5 27. Qe7
Rd7 28. Qxh4 Qxa2 29. Qh8+ Kc7 30. Qe5+ Kc8 {Game drawn by mutual agreement}
1/2-1/2

[Event "Team 45 45 League T69"]
[Site "Internet Chess Club"]
[Date "2016.06.12"]
[Round "1"]
[White "volodia80"]
[Black "Lrn2Mate"]
[Result "1/2-1/2"]
[WhiteElo "1644"]
[BlackElo "1652"]
[Opening "Scandinavian (center counter) defense"]
[ECO "B01"]
[Time "15:15:24"]
[TimeControl "2700+45"]

1. e4 d5 2. exd5 Qxd5 3. Nc3 Qd8 4. Bc4 Nf6 5. d4 a6 6. Nf3 e6 7. O-O Nc6 8. a3
b5 9. Ba2 Bb7 10. d5 exd5 11. Nxd5 Be7 12. Nxe7 Nxe7 13. Qe2 O-O 14. Bg5 Ng6 15.
Rad1 Qe8 16. Qxe8 Rfxe8 17. Bxf6 Bxf3 18. gxf3 gxf6 19. Rd7 Re7 20. Rxe7 Nxe7
21. Rd1 c5 22. Rd7 Kf8 23. c3 Ke8 24. Rd6 f5 25. Rf6 c4 26. Bb1 Rd8 27. Bxf5
Nxf5 28. Rxf5 Rd2 29. Rf6 a5 30. Rh6 Rxb2 31. Rxh7 Rb3 32. Rh5 Rxc3 33. Rxb5
Rxa3 34. Rc5 c3 35. Kg2 a4 36. Rc4 Ke7 37. h4 Kf6 38. Kg3 Kf5 39. Rc5+ {Game
drawn by mutual agreement} 1/2-1/2

[Event "Team 45 45 League T69"]
[Site "Internet Chess Club"]
[Date "2016.06.09"]
[Round "1"]
[White "Toalla"]
[Black "tryanything"]
[Result "0-1"]
[WhiteElo "1294"]
[BlackElo "1577"]
[Opening "Budapest defense declined"]
[ECO "A51"]
[Time "19:10:34"]
[TimeControl "2700+45"]

1. d4 Nf6 2. c4 e5 3. g3 exd4 4. Qxd4 Nc6 5. Qd1 Bc5 6. Bg2 O-O 7. Nf3 d5 8.
cxd5 Qxd5 9. Qxd5 Nxd5 10. O-O Ndb4 11. Na3 Nd4 12. Nxd4 Bxd4 13. e3 Bb6 14. Bd2
Nd3 15. Bc3 c6 16. Be4 Nc5 17. Bc2 Bh3 18. Rfd1 Rfd8 19. Bd4 Bg4 20. Rd2 Ne6 21.
Bc3 Rxd2 22. Bxd2 Rd8 23. Nc4 Be2 24. Nxb6 Rxd2 {White resigns} 0-1

[Event "Team 45 45 League T69"]
[Site "Internet Chess Club"]
[Date "2016.06.12"]
[Round "1"]
[White "zepled37"]
[Black "sohamjoshi"]
[Result "1-0"]
[WhiteElo "1731"]
[BlackElo "1395"]
[Opening "Philidor: Improved Hanham variation"]
[ECO "B07"]
[Time "19:06:53"]
[TimeControl "2700+45"]

1. e4 d6 2. d4 Nf6 3. Nc3 Nbd7 4. Nf3 e5 5. Bc4 Be7 6. O-O O-O 7. a4 a5 8. h3 c6
9. Re1 Qc7 10. Bb3 Re8 11. Qd3 h6 12. Bd2 Nb6 13. Rad1 Bd7 14. Bc1 Rad8 15. Qe2
Kf8 16. dxe5 dxe5 17. Nh4 Kg8 18. Rd3 c5 19. Rg3 Kf8 20. Bxh6 gxh6 21. Qe3 Bd6
22. Qxh6+ Ke7 23. Ng6+ fxg6 24. Qg7# {Black checkmated} 1-0

[Event "Team 45 45 League T69"]
[Site "Internet Chess Club"]
[Date "2016.06.08"]
[Round "1"]
[White "bluesun"]
[Black "justice02"]
[Result "1-0"]
[WhiteElo "1508"]
[BlackElo "1618"]
[Opening "French: advance, Paulsen attack"]
[ECO "C02"]
[Time "19:00:26"]
[TimeControl "2700+45"]

1. e4 e6 2. d4 d5 3. e5 c5 4. c3 Nc6 5. Nf3 Qb6 6. a3 a6 7. b4 cxd4 8. cxd4 Bd7
9. Be3 Rc8 10. Be2 Nge7 11. O-O Nf5 12. Nc3 Nxe3 13. fxe3 Nxb4 14. axb4 Rxc3 15.
Rb1 Rxe3 16. Qc2 Rxe2 17. Qxe2 Bb5 18. Qc2 Bxf1 19. Kxf1 Be7 20. Qc8+ Bd8 21.
Qc5 Qb5+ 22. Kf2 f6 23. Qd6 Kf7 24. Rc1 Re8 25. Rc8 Qb6 26. Qd7+ Kf8 27. exf6
gxf6 28. Qxh7 Qxb4 29. Kg3 a5 30. Nh4 Qe1+ 31. Kh3 Qe3+ 32. g3 Qg5 33. Ng6+ Qxg6
34. Qxg6 Ke7 35. Qg7+ Kd6 36. Qxb7 e5 37. Rc6# {Black checkmated} 1-0

[Event "Team 45 45 League T69"]
[Site "Internet Chess Club"]
[Date "2016.06.10"]
[Round "1"]
[White "Grenadier"]
[Black "viktory"]
[Result "1-0"]
[WhiteElo "1614"]
[BlackElo "1634"]
[Opening "Sicilian: closed, 6.Be3"]
[ECO "B26"]
[Time "22:00:16"]
[TimeControl "2700+45"]

1. e4 c5 2. Nc3 Nc6 3. g3 g6 4. Bg2 Bg7 5. d3 d6 6. Be3 e6 7. Qd2 Nge7 8. Bh6
O-O 9. h4 d5 10. h5 dxe4 11. Bxe4 Nf5 12. Bxg7 Kxg7 13. hxg6 fxg6 14. Bxf5 exf5
15. Qh6+ Kf6 16. O-O-O Rh8 17. Nf3 Be6 18. Rde1 Qd7 19. Qh4+ Kf7 20. Ng5+ Kg8
21. Nxe6 Re8 22. Nf4 Kf7 23. Ncd5 Qd6 24. Rxe8 Kxe8 25. Qf6 Qxf6 26. Nxf6+ Kf7
27. Rxh7+ Rxh7 28. Nxh7 Nd4 29. Ng5+ Kf6 30. c3 Kxg5 31. cxd4 cxd4 32. Kd2 Kg4
33. Ke2 g5 34. Ne6 f4 35. gxf4 gxf4 36. Nxd4 b6 37. Kd2 Kh3 38. Kc3 Kg2 39. f3
Kf2 40. a4 Ke3 41. b4 a6 42. Kc4 b5+ 43. axb5 axb5+ 44. Kc3 Kf2 45. Nxb5 Kxf3
46. Nd4+ Ke3 47. b5 f3 48. Nxf3 Kxf3 49. b6 Kf4 50. b7 Ke5 51. b8=Q+ Kd5 52.
Qb5+ Kd6 53. Kd4 Ke7 54. Qc6 Kf7 55. Ke5 Kg7 56. Kf5 Kh8 57. Qd7 Kg8 58. Kg6 Kh8
59. Qg7# {Black checkmated} 1-0

[Event "Team 45 45 League T69"]
[Site "Internet Chess Club"]
[Date "2016.06.12"]
[Round "1"]
[White "MasterD"]
[Black "GoIrish"]
[Result "1-0"]
[WhiteElo "1489"]
[BlackElo "1506"]
[Opening "Bishop's opening: Berlin defense"]
[ECO "C24"]
[Time "20:32:21"]
[TimeControl "2700+45"]

1. e4 e5 2. Bc4 Nf6 3. d3 Nc6 4. Nc3 Be7 5. f4 d6 6. f5 Na5 7. Bb3 Nxb3 8. axb3
d5 9. Bg5 dxe4 10. dxe4 O-O 11. Nf3 Nd7 12. Bxe7 Qxe7 13. Nd5 Qd6 14. O-O c6 15.
Nc3 Qc7 16. Qe2 b6 17. Rad1 a5 18. Rfe1 Ba6 19. Qd2 Rad8 20. Qd6 Qc8 21. Nxe5
Nxe5 22. Qxe5 Rfe8 23. Qg3 b5 24. f6 g6 25. Qg5 Kh8 26. Qh6 Rg8 27. e5 Rxd1 28.
Rxd1 Qf8 29. Qxf8 Rxf8 30. Rd6 b4 31. Ne4 h6 32. Rxc6 Bb7 33. Rc4 Bd5 34. Rd4
Be6 35. Kf2 Rc8 36. Rd2 Bf5 37. Nd6 Rxc2 38. Nxf7+ Kh7 39. Rxc2 Bxc2 40. e6 Bxb3
41. Nd8 Kg8 42. e7 Bf7 43. Nxf7 Kxf7 44. Ke3 a4 45. Kd3 a3 46. bxa3 bxa3 47. Kc3
a2 48. Kb2 {Black resigns} 1-0

[Event "Team 45 45 League T69"]
[Site "Internet Chess Club"]
[Date "2016.06.10"]
[Round "1"]
[White "bayoumicardio10"]
[Black "vjbaker"]
[Result "0-1"]
[WhiteElo "1645"]
[BlackElo "1829"]
[Opening "Sicilian: closed, 2...Nc6"]
[ECO "B23"]
[Time "19:01:00"]
[TimeControl "2700+45"]

1. e4 c5 2. Nc3 Nc6 3. Nf3 g6 4. Bb5 Bg7 5. O-O e6 6. d3 Nge7 7. Nd2 Nd4 8. a4
O-O 9. f4 d5 10. a5 a6 11. Ba4 Qxa5 12. Nf3 b5 13. Bd2 bxa4 14. Rxa4 Qd8 15. e5
Bd7 16. Ra3 Nb5 17. Ra2 f6 18. Na4 Qc7 19. Qe1 Nf5 20. Ba5 Qc6 21. Qf2 Nfd4 22.
Bb6 fxe5 23. Nxd4 cxd4 24. g3 exf4 25. Bc5 fxg3 {White resigns} 0-1

[Event "Team 45 45 League T69"]
[Site "Internet Chess Club"]
[Date "2016.06.09"]
[Round "1"]
[White "Goli"]
[Black "qingjoshua"]
[Result "1-0"]
[WhiteElo "1793"]
[BlackElo "1773"]
[Opening "Ruy Lopez: exchange variation"]
[ECO "C68"]
[Time "16:00:12"]
[TimeControl "2700+45"]

1. e4 e5 2. Nf3 Nc6 3. Bb5 a6 4. Bxc6 dxc6 5. h3 f6 6. O-O Bc5 7. c3 Qd3 8. Re1
Be6 9. b4 Bb6 10. Na3 Ne7 11. Qc2 Rd8 12. Qxd3 Rxd3 13. Rd1 O-O 14. Ne1 Rd7 15.
d3 Rfd8 16. Nac2 f5 17. Bg5 Kf7 18. Nf3 Rd6 19. Nxe5+ Ke8 20. d4 fxe4 21. Ne3 h6
22. Bf4 g5 23. Bg3 Nf5 24. Nxf5 Bxf5 25. Nc4 R6d7 26. Re1 Kf8 27. Ne5 Rd5 28.
Rac1 Kg7 29. Kh1 Kf8 30. Nc4 R5d7 31. Ne5 Rd5 32. Nc4 R5d7 33. Ne3 Be6 34. a3
Kf7 35. Be5 h5 36. Nf1 Bf5 37. Ng3 Kg6 38. Nxe4 Bxe4 39. Rxe4 Re8 40. Rce1 Rde7
41. f3 a5 42. Bg3 Rxe4 43. Rxe4 Rxe4 44. fxe4 axb4 45. axb4 Kf7 46. Kg1 Ke6 47.
Be5 Ke7 48. Kf2 Ke6 49. Kf3 Ke7 50. g3 Kf7 51. h4 Kg6 52. hxg5 Kxg5 53. Bf4+ Kg6
54. Kg2 Ba7 55. Bxc7 b5 56. Kh3 Kh6 57. Kh4 Kg6 58. e5 Kf5 59. Kxh5 Ke6 60. g4
{Black resigns} 1-0

[Event "Team 45 45 League T69"]
[Site "Internet Chess Club"]
[Date "2016.06.09"]
[Round "1"]
[White "anishio"]
[Black "Egmont"]
[Result "0-1"]
[WhiteElo "1693"]
[BlackElo "1748"]
[Opening "Caro-Kann: advance variation"]
[ECO "B12"]
[Time "13:00:25"]
[TimeControl "2700+45"]

1. e4 c6 2. d4 d5 3. e5 Bf5 4. Nf3 e6 5. Be2 c5 6. c3 Nc6 7. O-O h6 8. Re1 cxd4
9. cxd4 Bb4 10. Bd2 Bxd2 11. Qxd2 Nge7 12. Nc3 a6 13. Rac1 O-O 14. Red1 Bg4 15.
h3 Bxf3 16. Bxf3 Nf5 17. Ne2 Rc8 18. b3 Qh4 19. Bg4 Nce7 20. Qb4 b5 21. Qa3 h5
22. Bxf5 Nxf5 23. Qxa6 Rxc1 24. Rxc1 Nxd4 25. Nxd4 Qxd4 26. Qxb5 Qxe5 27. a4 Rb8
28. Qd3 Qf4 29. Rb1 Qb4 30. Qa6 Qe4 31. Qf1 Qc2 32. Rc1 Qxb3 33. a5 d4 34. a6
Ra8 35. Rb1 Qa3 36. Ra1 Qd6 37. Qd3 Qd5 38. Qa3 Ra7 39. Qb4 Qd7 40. Qb6 e5 41.
Rb1 d3 42. Qb8+ Kh7 43. Rb7 Rxb7 44. Qxb7 Qa4 45. a7 d2 46. a8=Q d1=Q+ 47. Kh2
Qf4+ {White resigns} 0-1

[Event "Team 45 45 League T69"]
[Site "Internet Chess Club"]
[Date "2016.06.11"]
[Round "1"]
[White "HappySong"]
[Black "ahxm"]
[Result "1-0"]
[WhiteElo "1520"]
[BlackElo "1236"]
[Opening "Giuoco Piano"]
[ECO "C54"]
[Time "16:59:25"]
[TimeControl "2700+45"]

1. e4 e5 2. Nf3 Nc6 3. Bc4 Bc5 4. c3 Nf6 5. d4 exd4 6. cxd4 Bb4+ 7. Bd2 Nxe4 8.
Bxb4 Nxb4 9. Bxf7+ Kxf7 10. Qb3+ d5 11. Qxb4 Rf8 12. O-O Kg8 13. Nc3 Nxc3 14.
bxc3 c6 15. Ne5 Qb6 16. Qb3 Qxb3 17. axb3 Be6 18. Rfe1 Bf5 19. Ra2 Rfe8 20. f3
Bg6 21. Kf2 a6 22. Re3 Re6 23. Nxg6 Rxe3 24. Kxe3 hxg6 25. Kd3 Re8 26. c4 dxc4+
27. bxc4 Kf8 28. c5 Kf7 29. Rb2 Rb8 30. Kc4 Ke7 31. Rb4 Kf6 32. Kb3 Kf5 33. Ka4
Ke6 34. Ka5 Kd7 35. Kb6 Kc8 36. Ka7 Kc7 37. f4 a5 38. Rb3 a4 39. Ra3 b6 40. Rxa4
bxc5 41. dxc5 Rb2 42. Ka6 Rxg2 43. Ka5 Rxh2 44. Kb4 Rc2 45. Ra7+ Kc8 46. Rxg7
Rf2 47. Rxg6 Rxf4+ 48. Ka5 Kc7 49. Rg7+ Kc8 50. Kb6 Rf6 51. Rc7+ Kd8 52. Rxc6
Rxc6+ 53. Kxc6 Kc8 54. Kd6 Kd8 55. c6 Kc8 56. c7 Kb7 57. Kd7 Kb6 58. c8=Q Kb5
59. Qc3 Kb6 60. Qb4+ Ka7 61. Kc7 Ka6 62. Qa4# {Black checkmated} 1-0

[Event "Team 45 45 League T69"]
[Site "Internet Chess Club"]
[Date "2016.06.12"]
[Round "1"]
[White "arnav07"]
[Black "tightfist"]
[Result "0-1"]
[WhiteElo "1597"]
[BlackElo "1594"]
[Opening "French: Tarrasch"]
[ECO "C03"]
[Time "22:00:22"]
[TimeControl "2700+45"]

1. e4 e6 2. d4 d5 3. Nd2 Bd7 4. Ngf3 c5 5. exd5 exd5 6. c3 Nc6 7. Nb3 c4 8. Nbd2
Nf6 9. Be2 Bd6 10. O-O O-O 11. Re1 Qc7 12. g3 Rfe8 13. Nf1 h6 14. Be3 b5 15.
N1d2 Ng4 16. Bf1 Re7 17. Bg2 Rae8 18. Nf1 Nxe3 19. Nxe3 Be6 20. Nd2 Qc8 21. Qc2
Rd7 22. Nxd5 Ne7 23. Nxe7+ Rdxe7 24. Qd1 Bg4 25. Bf3 Rxe1+ 26. Qxe1 Rxe1+ 27.
Rxe1 Bxf3 28. Nxf3 Kf8 29. Ne5 Bxe5 30. Rxe5 a6 31. Kf1 Qh3+ 32. Ke2 Qxh2 33. d5
Qh3 34. Ke3 Qd7 35. Kd4 Qd6 36. f4 Qb6+ 37. Ke4 g6 38. Kf3 Qd6 39. Ke4 Kg7 40.
Kd4 Kf6 41. Ke4 Qc5 42. g4 Qf2 43. d6 Qg2+ 44. Ke3 Qxg4 45. Ke4 Qd7 46. Kd5 h5
47. Re7 Qxe7 48. dxe7 Kxe7 49. Ke4 Ke6 50. Kf3 {White resigns} 0-1

[Event "Team 45 45 League T69"]
[Site "Internet Chess Club"]
[Date "2016.06.13"]
[Round "1"]
[White "searchforbobby1"]
[Black "swagnik"]
[Result "0-1"]
[WhiteElo "1973"]
[BlackElo "1869"]
[Opening "Robatsch (modern) defense"]
[ECO "B06"]
[Time "20:13:47"]
[TimeControl "2700+45"]

1. e4 g6 2. d4 Bg7 3. c4 c5 4. d5 d6 5. Nc3 Nd7 6. f4 Nb6 7. Bd3 Nf6 8. Nf3 Bg4
9. h3 Bd7 10. O-O O-O 11. e5 Ne8 12. Qe1 e6 13. Qg3 exd5 14. cxd5 Nc7 15. e6
fxe6 16. Ng5 Qe7 17. Nxh7 Bd4+ 18. Kh1 Qxh7 19. Bxg6 Qg7 20. dxe6 Bxe6 21. f5
Bxf5 22. Rxf5 Rxf5 23. Bh6 Qxh6 24. Bxf5+ Kh8 25. Ne4 Bxb2 26. Nxd6 Rf8 27. Re1
Nbd5 28. Re4 Bf6 29. Rg4 Ne7 30. Bg6 Bd4 31. Rxd4 Nxg6 32. Rg4 Rf1+ 33. Kh2 Qc1
34. Nf7+ Kh7 35. Ng5+ Kg8 36. Qb3+ Kf8 37. Nh7+ Kg7 38. Rxg6+ Kxg6 39. Qg8+ Kh6
{White forfeits on time} 0-1

[Event "Team 45 45 League T69"]
[Site "Internet Chess Club"]
[Date "2016.06.11"]
[Round "1"]
[White "SlimeDog2"]
[Black "Monterrey"]
[Result "1-0"]
[WhiteElo "2020"]
[BlackElo "2007"]
[Opening "King's Indian: Semi-Averbakh system"]
[ECO "E73"]
[Time "18:03:35"]
[TimeControl "2700+45"]

1. d4 Nf6 2. c4 g6 3. Nc3 Bg7 4. e4 d6 5. Be2 O-O 6. Be3 e5 7. d5 Na6 8. g4 Nc5
9. Bf3 a5 10. h4 Nfd7 11. h5 Nb6 12. Be2 f5 13. hxg6 hxg6 14. gxf5 gxf5 15. exf5
Bxf5 16. Qd2 a4 17. Nh3 e4 18. Nf4 Nd3+ 19. Bxd3 exd3 20. Ne6 Nxc4 21. Nxd8 Nxd2
22. Kxd2 Rfxd8 23. Rag1 Rd7 24. Rh5 Bh7 25. Bd4 Re8 26. Rhg5 Ree7 27. Nxa4 Kf8
28. Bxg7+ Rxg7 29. Rxg7 Rxg7 30. Rxg7 Kxg7 31. Nc3 Kf6 32. Nb5 Ke5 33. Nxc7 Bg6
34. Ke3 Bf5 35. f4+ Kf6 36. Ne6 Be4 37. Nc7 Ke7 38. a4 Kd7 39. Na8 Bg6 40. Nb6+
Kc7 41. a5 Bh7 42. b4 Bg6 43. Nc4 Bf7 44. Kd4 Bg6 45. b5 Bf5 46. b6+ Kd7 47. Ne3
d2 48. Kc3 d1=Q 49. Nxd1 Be4 50. Ne3 Kd8 51. Kd4 Bh7 52. f5 Bg8 53. Ke4 Bf7 54.
Kf4 Be8 55. Kg5 {Black resigns} 1-0

[Event "Team 45 45 League T69"]
[Site "Internet Chess Club"]
[Date "2016.06.11"]
[Round "1"]
[White "chsrules88"]
[Black "ChessHouston"]
[Result "1-0"]
[WhiteElo "2076"]
[BlackElo "1902"]
[Opening "Pirc: classical, h3 system"]
[ECO "B08"]
[Time "14:00:26"]
[TimeControl "2700+45"]

1. e4 d6 2. d4 Nf6 3. Nc3 g6 4. Nf3 Bg7 5. h3 O-O 6. Bc4 c6 7. a4 d5 8. exd5
cxd5 9. Bd3 Nc6 10. O-O a6 11. Re1 Qb6 12. Ne2 Nb4 13. Ng3 Nxd3 14. Qxd3 Re8 15.
Ne5 Ne4 16. Nxe4 Bf5 17. c3 Bxe4 18. Qe2 Rad8 19. Bf4 f6 20. Nd3 e5 21. Be3 Qc6
22. Qd2 Bxd3 23. Qxd3 e4 24. Qe2 Qe6 25. Bd2 Rf8 26. f3 f5 27. f4 Rc8 28. Be3
Rf7 29. Qc2 Kf8 30. Qb3 Rc4 31. a5 Qc6 32. Bd2 Ke8 33. Qd1 Re7 34. b3 Rxc3 35.
Bxc3 Qxc3 36. Kh1 e3 37. Qf3 Qxd4 38. Rad1 Qe4 39. Rxd5 Qxf3 40. gxf3 e2 41. Rc5
Re3 42. Rc2 Bc3 43. Rexe2 Rxe2 44. Rxe2+ Kd7 45. Ra2 Kd6 46. Ra4 Kd5 47. Kg2 Bd2
48. Kf2 h6 49. Ke2 Bc3 50. Kd3 Be1 51. Ra1 Bh4 52. Ra4 Be1 53. Rd4+ Ke6 54. b4
g5 55. Kc4 Bg3 56. fxg5 hxg5 57. Rd5 Bf2 58. Rd2 Bg3 59. Re2+ Kd6 60. Re8 Kd7
61. Rg8 Bf4 62. Rg7+ {Black resigns} 1-0

[Event "Team 45 45 League T69"]
[Site "Internet Chess Club"]
[Date "2016.06.11"]
[Round "1"]
[White "achessman"]
[Black "fishhead"]
[Result "1-0"]
[WhiteElo "1938"]
[BlackElo "1790"]
[Opening "Queen's pawn: London system"]
[ECO "A45"]
[Time "22:00:31"]
[TimeControl "2700+45"]

1. d4 Nf6 2. Bf4 g6 3. e3 Nh5 4. Bg5 h6 5. Bh4 Bg7 6. Nd2 d6 7. Bc4 c6 8. c3 b5
9. Be2 Nf6 10. a4 bxa4 11. Qxa4 O-O 12. h3 Qc7 13. Bf3 Bd7 14. Qa5 Rc8 15. Ne2
Be8 16. Nc4 Nbd7 17. Qxc7 Rxc7 18. O-O d5 19. Bg3 Rb7 20. Na5 Rb6 21. Bc7 Rxb2
22. Nxc6 Bf8 23. Rfb1 Rxb1+ 24. Rxb1 Nb6 25. Ne5 Rc8 26. Bxb6 Rb8 27. c4 axb6
28. cxd5 b5 29. Nc6 Rb6 30. Nb4 Bd7 31. e4 Ne8 32. e5 Bc8 33. Nc3 Nc7 34. Ne4 f5
35. Nc5 Kf7 36. Ra1 Ke8 37. Ra7 {Black resigns} 1-0

[Event "Team 45 45 League T69"]
[Site "Internet Chess Club"]
[Date "2016.06.11"]
[Round "1"]
[White "fledermaus"]
[Black "jorome23"]
[Result "0-1"]
[WhiteElo "1853"]
[BlackElo "2168"]
[Opening "Réti opening"]
[ECO "A30"]
[Time "14:00:38"]
[TimeControl "2700+45"]

1. Nf3 c5 2. c4 g6 3. d4 cxd4 4. Nxd4 Bg7 5. Nc3 Nf6 6. g3 O-O 7. Bg2 Nc6 8. O-O
a6 9. c5 Qc7 10. Nb3 Rd8 11. Bf4 d6 12. cxd6 exd6 13. Bg5 Be6 14. Nd5 Bxd5 15.
Bxd5 Rac8 16. Rc1 Qb6 17. Qd2 Re8 18. Be3 Qb5 19. Bxc6 bxc6 20. Nd4 Qb7 21. Nb3
c5 22. Rc2 c4 23. Nd4 Nd5 24. Bf4 Nxf4 25. gxf4 Re4 26. Nf3 Qd7 27. Rd1 Qg4+ 28.
Kh1 Rc5 29. Ng1 Rd4 30. Qe1 Rxd1 31. Qxd1 Qxf4 32. e3 Qe4+ 33. f3 Qxe3 34. Qxd6
Rg5 35. Qd8+ Bf8 36. Rg2 Rxg2 37. Kxg2 Qc1 38. Qd4 Qg5+ 39. Kf1 Bc5 40. f4 Bxd4
41. fxg5 Bxb2 42. Ke2 f6 43. gxf6 Kf7 44. Nf3 Kxf6 45. Nd2 c3 46. Nb3 Kg5 47.
Kd3 Kg4 48. Nc5 Kh3 49. Nxa6 Kxh2 50. a4 g5 51. Nb4 g4 52. a5 g3 53. a6 g2 54.
a7 g1=Q 55. a8=Q Qd1+ 56. Kc4 c2 57. Qb8+ Kh3 58. Qc8+ Kh4 {White resigns} 0-1